 Dungeon Crawl Stone Soup version 0.30.1-11-g7821555f0a (webtiles) character file.

Game seed: 10034972097731431905

434 PaiMei the Grave Robber (level 6, -1/44 HPs)
             Began as a Demonspawn Necromancer on Jan 12, 2024.
             Slain by a hornet (5 damage)
             ... on level 5 of the Dungeon.
             The game lasted 00:08:25 (6182 turns).

PaiMei the Grave Robber (Demonspawn Necromancer)    Turns: 6182, Time: 00:08:26

Health: -1/44      AC:  5    Str:  9    XL:     6   Next: 67%
Magic:  3/11       EV: 14    Int: 20    God:
Gold:   167        SH:  0    Dex: 19    Spells: 8/12 levels left

rFire   . . .        u - +1 short sword (venom)
rCold   . . .        (no shield)
rNeg    . . .        a - +0 robe
rPois   .            o - +0 helmet
rElec   .            (no cloak)
rCorr   .            j - +0 pair of gloves
SInv    .            z - +0 pair of boots
Will    .....        (no amulet)
Stlth   +++          m - +6 ring of dexterity
HPRegen 0.27/turn    (no ring)
MPRegen 0.12/turn

%: no passive effects
@: no status effects
A: demonic guardian 1, powered by death 2, big brain 1
a: no special abilities


You were on level 5 of the Dungeon.
You visited 1 branch of the dungeon, and saw 5 of its levels.

You collected 167 gold pieces.

Inventory:

Hand Weapons
 u - a +1 short sword of venom (weapon)
Missiles
 i - 7 poisoned darts
 r - 2 throwing nets
 t - 3 datura-tipped darts (quivered)
Armour
 a - a +0 robe (worn)
 j - a +0 pair of gloves (worn)
 o - a +0 helmet (worn)
 z - a +0 pair of boots (worn)
Jewellery
 c - a ring of protection from cold
 m - a +6 ring of dexterity (left hand)
Wands
 p - a wand of charming (13)
Scrolls
 d - 4 scrolls of identify {unknown}
 f - 3 scrolls of vulnerability {unknown}
 k - a scroll of enchant armour {unknown}
 l - a scroll of blinking {unknown}
 s - 2 scrolls of noise {unknown}
 v - a scroll of enchant weapon {unknown}
 w - a scroll of fear {unknown}
 y - a scroll of amnesia {unknown}
Potions
 b - 2 potions of magic
 e - 4 potions of curing {unknown}
 g - 2 potions of flight {unknown}
 h - a potion of berserk rage {unknown}
 n - a potion of ambrosia {unknown}
 q - a potion of might {unknown}
 x - a potion of cancellation {unknown}


   Skills:
 + Level 2.0 Fighting
 + Level 3.6 Dodging
 - Level 3.0 Stealth
 + Level 3.6 Spellcasting
 + Level 5.8 Necromancy


You had 8 spell levels left.
You knew the following spells:

 Your Spells              Type           Power      Damage    Failure   Level
a - Necrotise             Necr           100%       1d9       1%          1
b - Vampiric Draining     Necr           27%        2d7       3%          3

Your spell library contained the following spells:

 Spells                   Type           Power      Damage    Failure   Level
 Animate Dead             Necr           27%        N/A       12%         4
 Apportation              Tloc           6%         N/A       14%         1
 Freeze                   Ice            12%        1d3       14%         1
 Sandblast                Erth           6%         2d5       14%         1
 Sting                    Tmut/Pois      12%        1d3       14%         1
 Passwall                 Tmut/Erth      2%         N/A       21%         2
 Agony                    Necr           27%        N/A       32%         5
 Stone Arrow              Conj/Erth      6%         3d7       38%         3
 Tukima's Dance           Hex            3%         N/A       38%         3
 Passage of Golubria      Tloc           3%         N/A       80%         4
 Yara's Violent Unravell  Hex/Tmut       1%         3d3       98%         5


Dungeon Overview and Level Annotations

Branches:
Dungeon (5/15)
 Temple: D:4-7

Altars:

Shops:
D:1 ?*   D:5 [*


Innate Abilities, Weirdness & Mutations

A weak demonic guardian rushes to your aid.
You regenerate health from kills.
You have an unusually large brain. (Int +2)


Message History

Casting: Vampiric Draining (dangerous; 3% risk of failure)
Confirm with . or Enter, or press ? or * to list all spells.
You can't see any susceptible monsters within range! (Use Z to cast anyway.)
Casting: Vampiric Draining (dangerous; 3% risk of failure)
Confirm with . or Enter, or press ? or * to list all spells.
Aiming: Necrotise (safe; 1% risk of failure)
Press: ? - help, Shift-Dir - straight line, f - orc
Aim: an orc, wielding a +0 flail (chance to affect: 93%)
The orc writhes in agony.
A jelly comes into view.
The orc barely misses you. x2
Casting: Necrotise (safe; 1% risk of failure)
Confirm with . or Enter, or press ? or * to list all spells.
Aiming: Necrotise (safe; 1% risk of failure)
Press: ? - help, Shift-Dir - straight line, f/p - orc
Aim: an orc, wielding a +0 flail (moderately wounded, chance to affect: 93%)
The orc writhes in agony!
You kill the orc!
The dead are walking!
The jelly quivers.
You feel yourself speed up.
Your orc skeleton hits the yak.
The yak gores your orc skeleton!
Your orc skeleton is destroyed!
The hornet buzzes angrily.
The jelly attacks as you move away! The jelly closely misses you.
There is a stone staircase leading down here.
The jelly attacks as you move away! The jelly hits you.
* * * LOW HITPOINT WARNING * * *
You are splashed with acid!
* * * LOW HITPOINT WARNING * * *
An adder comes into view.
Casting: Necrotise (safe; 1% risk of failure)
Confirm with . or Enter, or press ? or * to list all spells.
You don't have enough magic to cast this spell.
The jelly attacks as you move away! The jelly misses you.
The hornet attacks as you move away!
The hornet stings you but does no damage.
The jelly attacks as you move away! The jelly barely misses you.
The hornet stings you.
You die...

.### ...#### ##.......
##........ #.........♣
.#########.......♣.∩
.........J.........♣.
#S....@y.>..........
#####..#####Y..........##
###......<# #.............
###.......<.# #.Y).........#
##...........## #............#
##.............# ##g..........#
#..............# #............
#..............## #............
#..............Y####.....).....


You could see a yak, a hornet, a jelly and an adder (asleep).

Vanquished Creatures
  A bullfrog (D:5)
  A scorpion (D:4)
  Terence (D:3)
  2 iguanas
  An orc wizard (D:3)
  3 gnolls (D:2)
  7 adders
  2 worms (D:2)
  A dart slug (D:2)
  6 orcs
  2 bats
  4 endoplasms
  2 giant cockroaches (D:1)
  6 goblins
  2 hobgoblins
  A quokka (D:2)
  7 ball pythons
  3 frilled lizards
  5 kobolds (D:1)
  3 rats
60 creatures vanquished.

Vanquished Creatures (collateral kills)
  An orc priest (D:3)
  An orc wizard (D:3)
  A white imp (D:5)
  2 orcs
5 creatures vanquished.

Grand Total: 65 creatures vanquished

Notes
Turn   | Place    | Note
-------+----------+-------------------------------------------
     0 | D:1      | PaiMei the Demonspawn Necromancer began the quest for the
                  | Orb.
     0 | D:1      | Reached XP level 1. HP: 13/13 MP: 3/3
   441 | D:1      | Found Bimoc's Magic Scroll Boutique.
   477 | D:1      | Gained mutation: You regenerate a little health from kills.
                  | [demonic ancestry]
   477 | D:1      | Reached XP level 2. HP: 19/19 MP: 1/5
  1060 | D:1      | Found Jukh's General Store.
  1779 | D:2      | Gained mutation: You have an unusually large brain. (Int
                  | +2) [demonic ancestry]
  1779 | D:2      | Reached XP level 3. HP: 18/24 MP: 0/6
  2469 | D:2      | Gained mutation: A weak demonic guardian rushes to your
                  | aid. [demonic ancestry]
  2469 | D:2      | Reached XP level 4. HP: 25/30 MP: 3/7
  2561 | D:2      | Reached skill level 5 in Necromancy
  2925 | D:3      | Found a faded altar of an unknown god.
  3251 | D:3      | Noticed Terence
  3259 | D:3      | Killed Terence
  3500 | D:3      | Reached XP level 5. HP: 18/35 MP: 7/9
  3922 | D:2      | Learned a level 3 spell: Vampiric Draining
  5343 | D:4      | Reached skill level 1 in Fighting
  5426 | D:4      | Gained mutation: You regenerate health from kills. [demonic
                  | ancestry]
  5426 | D:4      | Reached XP level 6. HP: 43/43 MP: 4/11
  5601 | D:4      | Got Zughuiz's Witchcraft for Neophytes
  5864 | D:5      | Entered Level 5 of the Dungeon
  6118 | D:5      | Found Hure Jem's Assorted Antiques.
  6145 | D:5      | Noticed a hornet
  6145 | D:5      | Noticed a yak
  6167 | D:5      | HP: 2/44 [poisoned by a hornet]
  6172 | D:5      | Found Risuofa's Antique Armour Shop.
  6182 | D:5      | Slain by a hornet

Illustrated notes

Levels and vault maps discovered:
D:1:      dpeg_chamrin_arrival_tetris, layout_loops_corners, serial_shops, shop,
          shop, amcnicky_mini_pool_small, serial_bayou_pond_c
D:2:      layout_basic, grunt_decor_junction
D:3:      layout_basic, basic_ecumenical_altar, corexii_corridor_pit,
          uniq_terence
D:4:      layout_basic, minmay_misc_feat_alley, minivault_5
D:5:      cheibrodos_barr_body, layout_cave_pods, temple_fountains,
          serial_shops, kennysheep_mini_moat, shop, nicolae_shop_trees, shop,
          minmay_misc_feat_chi

Skill      XL: |  1  2  3  4  5  6 |
---------------+-------------------+-----
Stealth        | 2 3 |  3.0
Dodging        | 2 3 |  3.6
Necromancy     | 5 |  5.8
Spellcasting   | 3 |  3.6
Fighting       | 1 2 |  2.0

Action                     |  1- 3 |  4- 6 || total
---------------------------+-------+-------++-------
  Melee: Unarmed           |     3 |       ||     3
         Club              |    11 |       ||    11
         Short sword       |       |    10 ||    10
   Cast: Necrotise         |    66 |    79 ||   145
         Vampiric Draining |       |     3 ||     3
 Armour: Robe              |    10 |     6 ||    16
  Dodge: Dodged            |    16 |    30 ||    46
